AoeStats
← Nopec

Nomad

506334471Analyzed
4v4 RM · 20d ago on Sep 13, 2026· 59m 42s· 8 players
Game mode
Random Map
Map size
231×231
Population
200
Speed
Normal
Resources
Standard
Victory
Conquest
Starting age
Dark Age
Ending age
Imperial Age
RankedLock teamsTeams togetherTeam positionsShared explorationLock speedFull tech treeHidden civsTurbo modeCheats
Victory
Defeat
🇨🇳 Britons · China
861
+10
🇻🇳 Huns · Vietnam
848
+11
🇻🇳 Mongols · Vietnam
679
+18
🇸🇬 Huns · Singapore
659
+17
🇨🇳 Burgundians · China
764
-16
🇩🇪 Turks · Germany
752
-15
🇧🇬 Persians · Bulgaria
694
-21
🇨🇿 Wu · Czechia
674
-12
Nopec
5:57 Loom
14:18 Feudal Age
16:50 Fishing Lines
16:57 Horse Collar
20:59 Wheelbarrow
20:11 Town Watch
25:24 Castle Age
23:29 Stone Mining
23:58 Forging
23:53 Scale Barding Armor
25:49 Double-Bit Axe
26:03 Gillnets
26:51 Bow Saw
26:42 Heavy Plow
28:52 Bloodlines
28:43 Husbandry
31:08 Hand Cart
30:38 Town Watch
31:21 Ballistics
36:47 Chain Barding Armor
37:02 Iron Casting
36:28 Padded Archer Armor
37:21 Murder Holes
41:19 Imperial Age
43:41 Conscription
44:30 Caravan
44:36 Artillery
44:01 Elite Janissary
48:16 Plate Barding Armor
48:16 Iron Casting
ttoommaass300
7:18 Loom
17:06 Feudal Age
20:04 Forging
20:00 Scale Barding Armor
22:37 Castle Age
21:33 Bloodlines
21:20 Horse Collar
25:24 Wheelbarrow
33:08 Double-Bit Axe
39:00 Hand Cart
45:54 Imperial Age
44:57 Iron Casting
44:16 Fletching
44:27 Padded Archer Armor
44:33 Husbandry
47:00 Ballistics
TheButcher
19:02 Feudal Age
28:51 Castle Age
29:09 Gold Mining
29:10 Stone Mining
29:05 Horse Collar
29:13 Double-Bit Axe
31:03 Wheelbarrow
30:18 Town Watch
30:19 Loom
36:12 Fishing Lines
37:43 Hand Cart
38:11 Bow Saw
38:43 Gold Shaft Mining
38:43 Stone Shaft Mining
40:09 Heavy Plow
46:32 Imperial Age
50:30 Crop Rotation
51:19 Two-Man Saw
50:41 Forging
50:32 Scale Mail Armor
50:25 Fletching
50:51 Padded Archer Armor
51:12 Scale Barding Armor
龙吟凤舞
8:41 Loom
10:42 Wheelbarrow
10:50 Double-Bit Axe
13:37 Horse Collar
18:13 Feudal Age
21:41 Castle Age
20:21 Bow Saw
20:13 Heavy Plow
21:44 Town Watch
23:13 Forging
23:08 Husbandry
24:28 Crop Rotation
25:00 Two-Man Saw
26:31 Hand Cart
26:48 Town Patrol
32:42 Imperial Age
30:42 Caravan
30:21 Cavalier
32:50 Iron Casting
32:06 Fletching
31:50 Light Cavalry
34:44 Burgundian Vineyards
36:48 Blast Furnace
35:44 Bodkin Arrow
35:55 Scale Barding Armor
35:46 Elite Coustillier
39:30 Bracer
39:52 Chain Barding Armor
44:12 Ballistics
44:56 Chemistry
46:07 Paladin
50:48 Elite Skirmisher
Barcelomimi
4:28 Loom
16:55 Feudal Age
18:41 Feudal Age
19:13 Man-at-Arms
20:33 Wheelbarrow
19:41 Horse Collar
19:57 Gold Mining
19:57 Stone Mining
24:19 Bloodlines
30:28 Scale Mail Armor
30:52 Fishing Lines
36:45 Castle Age
34:45 Double-Bit Axe
35:59 Forging
36:27 Arson
37:31 Squires
36:52 Pikeman
38:28 Hand Cart
44:00 Gillnets
51:29 Imperial Age
60:12 Iron Casting
59:53 Chain Mail Armor
60:00 Padded Archer Armor
Ervin Super
10:06 Loom
15:51 Feudal Age
17:16 Wheelbarrow
16:28 Town Watch
16:32 Double-Bit Axe
16:31 Fishing Lines
16:53 Horse Collar
18:04 Gold Mining
18:07 Stone Mining
25:38 Castle Age
25:36 Forging
25:27 Scale Mail Armor
25:33 Scale Barding Armor
25:19 Fletching
26:56 Hand Cart
27:08 Gillnets
29:35 Gold Shaft Mining
32:05 Imperial Age
32:26 Caravan
32:31 Town Patrol
32:46 Clinker Construction
32:32 Murder Holes
33:21 Conscription
35:17 Iron Casting
35:03 Chain Barding Armor
35:40 Bow Saw
37:27 Blast Furnace
36:38 Bodkin Arrow
44:53 Plate Barding Armor
46:22 Pikeman
47:36 Halberdier
51:23 Elite Tarkan
55:33 Heavy Plow
57:22 Chemistry
56:43 Ballistics
56:56 Bracer
57:32 Carvel Hull
funball
12:26 Loom
16:40 Feudal Age
17:03 Horse Collar
20:47 Double-Bit Axe
21:48 Gold Mining
24:09 Castle Age
23:12 Fletching
24:23 Stone Mining
25:38 Wheelbarrow
25:16 Bow Saw
25:15 Crossbowman
26:06 Bodkin Arrow
26:50 Heavy Plow
27:50 Padded Archer Armor
28:41 Ballistics
35:14 Leather Archer Armor
35:55 Hand Cart
35:26 Town Watch
42:48 Imperial Age
40:28 Scale Mail Armor
40:38 Forging
43:41 Arbalester
44:03 Pikeman
45:33 Conscription
45:37 Bracer
46:15 Iron Casting
45:55 Chain Mail Armor
48:12 Chemistry
48:42 Two-Man Saw
48:50 Yeomen
52:02 Plate Mail Armor
52:32 Blast Furnace
53:15 Squires
53:43 Arson
55:24 Halberdier
58:09 Warwolf
Phước 8 Ngón
13:41 Loom
16:18 Feudal Age
16:59 Fishing Lines
17:15 Double-Bit Axe
18:08 Stone Mining
28:04 Wheelbarrow
31:25 Castle Age
30:33 Town Watch
33:52 Hand Cart
36:59 Gold Mining
36:59 Stone Mining
38:17 Horse Collar
43:12 Town Patrol
44:07 Scale Barding Armor
44:15 Forging
44:58 Stone Mining
45:44 Gold Shaft Mining
46:22 Husbandry
46:40 Bloodlines
49:42 Imperial Age
47:59 Heavy Plow
48:01 Caravan
48:31 Coinage
49:48 Iron Casting
49:41 Chain Barding Armor
50:25 Elite Tarkan
53:06 Blast Furnace
52:42 Plate Barding Armor
51:30 Capped Ram
53:05 Conscription
52:47 Marauders
Connection lost

Rejoining the realm…

Still unreachable

The connection could not be restored.

Session expired

The server has moved on; the page needs a fresh start.